 Dungeon Crawl Stone Soup version 0.26.0-9-gab577f9fc5 (webtiles) character file.

Game seed: 3270084369043208794

126 BOMJPIETVODKU the Skirmisher (level 5, -3/46 HPs)
             Began as a Hill Orc Fighter on Jan 13, 2021.
             Killed by nerve-wracking pain
             ... invoked by an orc priest
              (12 damage)
             ... on level 2 of the Dungeon.
             The game lasted 00:09:52 (2270 turns).

BOMJPIETVODKU the Skirmisher (Hill Orc Fighter)     Turns: 2270, Time: 00:09:53

Health: -3/46      AC: 11    Str: 20    XL:     5   Next: 10%
Magic:  0/14       EV:  7    Int:  8    God:
Gold:   148        SH:  9    Dex: 10    Spells: 4/4 levels left

rFire    . . .     SeeInvis .   a - +0 long sword
rCold    . . .     Faith    .   c - +0 kite shield
rNeg     . . .     Spirit   +   b - +0 scale mail
rPois    .         Reflect  .   o - +0 helmet
rElec    .         Harm     .   (no cloak)
rCorr    .         Rampage  .   m - +2 pair of gloves
Will     .....                  (no boots)
Stlth    ..........             k - amulet of guardian spirit
HPRegen  0.15/turn              f - ring of magical power
MPRegen  0.14/turn              (no ring)

@: no status effects
A: no striking features
a: Convert to Beogh


You were on level 2 of the Dungeon.
You visited 1 branch of the dungeon, and saw 3 of its levels.

You collected 148 gold pieces.

Inventory:

Hand Weapons
 a - a +0 long sword (weapon)
 n - a +1 dagger of venom
Missiles
 j - 79 stones (quivered)
 p - 8 poisoned darts
Armour
 b - a +0 scale mail (worn)
 c - a +0 kite shield (worn)
 m - a +2 pair of gloves (worn)
 o - a +0 helmet (worn)
Jewellery
 f - a ring of magical power (left hand)
 k - an amulet of guardian spirit (around neck)
Wands
 l - a wand of iceblast (4)
Scrolls
 e - a scroll of immolation {unknown}
 h - 3 scrolls of identify {unknown}
 i - a scroll of random uselessness {unknown}
 q - a scroll of blinking {unknown}
Potions
 d - a potion of might
 g - 3 potions of curing {unknown}


   Skills:
 + Level 4.1 Fighting
 + Level 4.0 Long Blades
 * Level 1.1 Throwing
 + Level 3.8 Armour
 + Level 0.2 Dodging
 + Level 3.8 Shields


You had 4 spell levels left.
You didn't know any spells.
Your spell library was empty.

Dungeon Overview and Level Annotations

Branches:
Dungeon (3/15)

Altars:


Message History

The orc priest is severely wounded.
The orc priest hits you but does no damage.
You block the orc's attack.
You closely miss the orc priest.
The orc priest is severely wounded.
You block the orc priest's attack. The orc hits you with a +0 hand axe.
You closely miss the orc priest.
The orc priest is severely wounded.
The orc priest hits you but does no damage.
The orc hits you with a +0 hand axe.
You hit the orc priest but do no damage.
The orc priest shouts, "Join the one true god or die!"
The orc priest is severely wounded.
The orc priest calls down the wrath of Beogh upon you.
Beogh smites you!
* * * LOW HITPOINT WARNING * * *
The orc barely misses you.
The orc priest mumbles some strange prayers to Beogh against you.
Pain shoots through your body!
You die...

.# #.# #.##.#.# #.#.# .# #.#
#.##.#.# #...### ## ##'##
#.##.#.# ###.... ##...## #.##.#.#
#.### ##.....## #.##.#.# #.##
##.......## #.#..#.# #..##
##.........###....#.#########...#
.'.........+.....o........<......
##.........####.@.#######........
##.......## #o......# #.###..##
##.....## #.#.###.# #.#.....#
##...## #.#.# #.# #.#...#.# ##+##
#.#.###.# #.#..##.# #.# #.......#
#........ #.# ###.##### ###^....#
######.### #.# ##.#### #........#
#.# ##.##


You could see an orc priest and an orc.

Vanquished Creatures
  Terence (D:2)
  5 adders
  An ooze (D:1)
  4 worms (D:2)
  3 orcs (D:3)
  6 bats
  A giant cockroach (D:2)
  4 goblins
  6 hobgoblins
  A ball python (D:1)
  5 frilled lizards
  3 kobolds (D:1)
  4 rats
44 creatures vanquished.

Notes
Turn   | Place    | Note
-------+----------+-------------------------------------------
     0 | D:1      | BOMJPIETVODKU the Hill Orc Fighter began the quest for the
                  | Orb.
     0 | D:1      | Reached XP level 1. HP: 19/19 MP: 1/1
   166 | D:1      | Reached XP level 2. HP: 26/27 MP: 2/2
   812 | D:1      | Reached XP level 3. HP: 30/33 MP: 3/3
  1031 | D:2      | Reached XP level 4. HP: 31/40 MP: 4/4
  1526 | D:2      | Noticed Terence
  1535 | D:2      | Killed Terence
  1536 | D:2      | Reached skill level 1 in Throwing
  2044 | D:2      | Reached XP level 5. HP: 24/46 MP: 5/5
  2270 | D:2      | Killed from afar by an orc priest

Illustrated notes

Levels and vault maps discovered:
D:1:      dpeg_arrival_refuge, layout_rooms, serial_aquarium,
          aquarium_bridge_straight [aquarium_subvault_bridge,
          aquarium_subvault_wall, aquarium_subvault_bridge,
          aquarium_subvault_wall], aquarium_bridge_square
          [aquarium_subvault_bridge, aquarium_subvault_balcony,
          aquarium_subvault_window, aquarium_subvault_wall], aquarium_window_1,
          aquarium_window_fake, aquarium_window_1, aquarium_view_2e,
          aquarium_view_2c, aquarium_balcony_3b, aquarium_pool_double
D:2:      layout_loops_corners, grunt_ministairs_14, uniq_terence
D:3:      layout_rooms

Skill      XL: |  1  2  3  4  5 |
---------------+----------------+-----
Fighting       | 4 |  4.1
Long Blades    | 3 4 |  4.0
Throwing       | 1 |  1.1
Armour         | |  3.8
Dodging        | |  0.2
Shields        | |  3.8

Action                   |  1- 3 |  4- 6 || total
-------------------------+-------+-------++-------
Melee: Long sword        |    93 |    94 ||   187
Throw: Stone             |     8 |     1 ||     9
Armor: Scale mail        |    52 |    51 ||   103
Dodge: Dodged            |    33 |    27 ||    60
Block: Kite shield       |    62 |    56 ||   118
       Rpst.: Long sword |     9 |     7 ||    16
